 Dungeon Crawl Stone Soup version 0.19.5 (webtiles) character file.

431 Zhenya24pyc the Cudgeler (level 7, 0/41 HPs)
             Began as a Gargoyle Fighter on Apr 12, 2017.
             Slain by an ogre
             ... wielding a +0 giant club
              (5 damage)
             ... on level 5 of the Dungeon.
             The game lasted 00:04:28 (3899 turns).

Zhenya24pyc the Cudgeler (Gargoyle Fighter)         Turns: 3899, Time: 00:04:29

Health: 0/41       AC: 12    Str: 21    XL:     7   Next: 0%
Magic:  7/7        EV:  8    Int:  8    God:
Gold:   269        SH:  9    Dex: 10    Spells: 0 memorised, 6 levels left

rFire  . . .     SeeInvis .     a - +0 flail
rCold  . . .     Gourm    +     i - +0 ring mail
rNeg   + . .     Faith    .     c - +0 shield
rPois  ∞         Spirit   .     (no helmet)
rElec  +         Reflect  .     u - +1 cloak {MR+}
rCorr  .         Harm     .     (no gloves)
MR     +....                    (no boots)
Stlth  ..........               k - amulet of the gourmand
                                (no ring)
                                (no ring)

@: no status effects
A: negative energy resistance 1, electricity resistance, unbreathing,
petrification resistance, rot immunity, AC +4
a: no special abilities


You were on level 5 of the Dungeon.
You were not hungry.

You visited 1 branch of the dungeon, and saw 5 of its levels.

You collected 269 gold pieces.

Inventory:

Hand Weapons
 a - a +0 flail (weapon)
Armour
 c - a +0 shield (worn)
 i - a +0 ring mail (worn)
 u - a +1 cloak of magic resistance (worn)
Jewellery
 k - an amulet of the gourmand (around neck)
Scrolls
 b - 3 scrolls of fear {unknown}
 e - 2 scrolls of remove curse
 h - a scroll of blinking {unknown}
 j - a scroll of magic mapping {unknown}
 m - 3 scrolls of identify {unknown}
 o - 3 scrolls of amnesia {unknown}
 q - 2 scrolls of immolation {unknown}
 t - a scroll of teleportation {unknown}
 x - a scroll of enchant weapon {unknown}
Potions
 d - a potion of might
 g - a potion of curing {unknown}
 l - 2 potions of flight {unknown}
 n - 2 potions of heal wounds {unknown}
 p - a potion of agility
 r - a potion of ambrosia {unknown}
 v - 2 potions of degeneration {unknown}
 z - a potion of magic {unknown}
 A - a potion of lignification {unknown}
Books
 s - a book of Misfortune

   Spells                             Type                      Level
   a - Confusing Touch                Hexes                        1
   b - Confuse                        Hexes                        3
   c - Gell's Gravitas                Hexes/Translocation          3
   d - Petrify                        Transmutation/Earth          4
   e - Metabolic Englaciation         Hexes/Ice                    5
   f - Yara's Violent Unravelling     Hexes/Transmutation          5
Comestibles
 f - 6 bread rations
 w - 2 meat rations


   Skills:
 + Level 3.4 Fighting
 * Level 6.9 Maces & Flails
 + Level 3.5 Armour
 + Level 0.4 Dodging
 + Level 3.4 Shields


You had 6 spell levels left.
You didn't know any spells.

Dungeon Overview and Level Annotations

Branches:
Dungeon (5/15)
 Temple: D:4-7

Altars:
Cheibriados
Trog


Innate Abilities, Weirdness & Mutations

You are resistant to torment.
Your stone body is resilient. (AC +4)
You are immune to poison.
You resist negative energy. (rN+)
You are resistant to electric shocks. (rElec)
You can survive without breathing.
You are immune to petrification.
You are immune to rotting.


Message History

You closely miss the ogre.
The ogre is heavily wounded.
The killer bee zombie hits you but does no damage.
The ogre hits you but does no damage.
You block the killer bee zombie's attack.
You hit the ogre.
The ogre is severely wounded.
The killer bee zombie hits you but does no damage.
You block the killer bee zombie's attack.
The ogre hits you with a giant club!
* * * LOW HITPOINT WARNING * * *
The hound pauses to sniff the ground.
The sky beast flickers out of sight!
Deactivating autopickup; reactivate with Ctrl-A.
The killer bee zombie hits you.
* * * LOW HITPOINT WARNING * * *
There is a stone staircase leading up here.
The killer bee zombie hits you but does no damage.
The ogre hits you with a giant club.
You die...

.. .. .. #.
######. ##
#...).. ..
..(...$###?##.##
...>...@Z{.....!
#.#####.OZ......
#.###a..#. #.#
.... #.# ... ...
.. ... . #...


You could see an ogre, a worker ant, a killer bee zombie and a leopard gecko
skeleton.

Vanquished Creatures
  A bullfrog (D:3)
  A scorpion (D:5)
  2 howler monkeys
  Crazy Yiuf (D:2)
  2 worker ants (D:4)
  4 gnolls
  6 adders
  An ooze (D:3)
  A worm (D:2)
  2 dart slugs
  2 leopard geckos
  4 orcs (D:3)
  A ball python (D:3)
  5 bats
  5 giant cockroaches
  3 goblins (D:3)
  8 hobgoblins
  4 kobolds
  2 quokkas (D:4)
  6 frilled lizards
  11 rats
72 creatures vanquished.

Notes
Turn   | Place    | Note
-------+----------+-------------------------------------------
     0 | D:1      | Zhenya24pyc the Gargoyle Fighter began the quest for the Orb.
     0 | D:1      | Reached XP level 1. HP: 14/14 MP: 1/1
   144 | D:1      | Reached XP level 2. HP: 17/19 MP: 2/2
   513 | D:1      | Reached skill level 3 in Maces & Flails
  1093 | D:2      | Reached XP level 3. HP: 20/23 MP: 3/3
  1613 | D:2      | Found a faded altar of an unknown god.
  1693 | D:2      | Reached skill level 4 in Maces & Flails
  1760 | D:2      | Found a runed door.
  1840 | D:2      | Found a bloodstained altar of Trog.
  1918 | D:2      | Reached XP level 4. HP: 28/28 MP: 4/4
  2256 | D:2      | Noticed Crazy Yiuf
  2264 | D:2      | Killed Crazy Yiuf
  2402 | D:2      | Reached skill level 5 in Maces & Flails
  2402 | D:2      | Reached XP level 5. HP: 21/32 MP: 5/5
  2820 | D:3      | Reached skill level 6 in Maces & Flails
  2820 | D:3      | Reached XP level 6. HP: 34/37 MP: 6/6
  3021 | D:3      | Found a snail-covered altar of Cheibriados.
  3880 | D:5      | Entered Level 5 of the Dungeon
  3888 | D:5      | Reached XP level 7. HP: 41/41 MP: 7/7
  3899 | D:5      | Slain by an ogre

Skill      XL: |  1  2  3  4  5 |
---------------+----------------+-----
Maces & Flails | 3 4 5 6 |  6.9
Fighting       | |  3.4
Armour         | |  3.5
Dodging        | |  0.4
Shields        | |  3.4

Action                   |  1- 3 |  4- 6 |  7- 9 || total
-------------------------+-------+-------+-------++-------
Melee: Flail             |   155 |   165 |     9 ||   329
  Use: Scroll            |       |     1 |       ||     1
  Eat: Chunk             |     2 |     6 |       ||     8
       Bread ration      |       |     1 |       ||     1
Armor: Ring mail         |    81 |    78 |     5 ||   164
Dodge: Dodged            |    61 |    55 |     6 ||   122
Block: Shield            |    83 |    73 |     7 ||   163
